 Dungeon Crawl Stone Soup version 0.26.1-11-gd32895ea62 (webtiles) character file.

Game seed: 17545919523091591547

187 Zeld the Changer (level 5, -4/34 HPs)
             Began as an Octopode Transmuter on May 27, 2021.
             Slain by Duvessa
             ... wielding a +0 rapier
              (10 damage)
             ... on level 4 of the Dungeon.
             The game lasted 00:02:32 (2936 turns).

Zeld the Changer (Octopode Transmuter)              Turns: 2936, Time: 00:02:33

Health: -4/34      AC:  2    Str: 10    XL:     5   Next: 66%
Magic:  7/10       EV: 21    Int: 16    God:
Gold:   126        SH:  0    Dex: 17    Spells: 0/10 levels left

rFire    . . .     SeeInvis .     - Unarmed
rCold    . . .     Faith    .   (shield currently unavailable)
rNeg     . . .     Spirit   .   (helmet currently unavailable)
rPois    x         Reflect  .   (no amulet)
rElec    .         Harm     .   (no ring)
rCorr    .         Rampage  .   (no ring)
Will     .....                  (no ring)
Stlth    ++........             (no ring)
HPRegen  0.11/turn              (no ring)
MPRegen  0.12/turn              (no ring)
                                (no ring)
                                (no ring)

@: spider-form
A: tiny, almost no armour, stealthy swim, (amphibious), 8 rings, (constrict 8)
a: End Transformation


You were on level 4 of the Dungeon.
You were a venomous arachnid creature.
You visited 1 branch of the dungeon, and saw 4 of its levels.

You collected 126 gold pieces.

Inventory:

Jewellery
 b - a +6 ring of intelligence {unknown}
Wands
 h - a wand of polymorph (5)
Scrolls
 a - a scroll of identify {unknown}
 c - a scroll of noise {unknown}
 d - a scroll of immolation {unknown}
 e - a scroll of enchant armour {unknown}
 f - 3 scrolls of teleportation {unknown}
 i - a scroll of blinking {unknown}
Potions
 g - a potion of lignification {unknown}


   Skills:
 + Level 2.2 Fighting
 + Level 2.9 Dodging
 - Level 3.0 Unarmed Combat
 * Level 3.4 Spellcasting
 * Level 3.6 Transmutations


You couldn't memorise any spells.
You knew the following spells:

 Your Spells              Type           Power        Failure   Level
a - Beastly Appendage     Tmut           28%          13%         1
b - Wereblood             Tmut           14%          17%         2
c - Spider Form           Tmut/Pois      4%           47%         3
d - Ice Form              Ice/Tmut       8%           82%         4

Your spell library contained the following spells:

 Spells                   Type           Power        Failure   Level
 Blade Hands              Tmut           7%           89%         5


Dungeon Overview and Level Annotations

Branches:
Dungeon (4/15)
 Temple: D:4-7

Altars:
Vehumet

Annotations:
D:2 Jessica
D:4 Dowan, Duvessa


Innate Abilities, Weirdness & Mutations

You cannot wear most types of armour.
You are very stealthy in the water. (Stealth+)
((You are amphibious.))
You can wear up to eight rings at the same time.
((You can use your tentacles to constrict eight enemies at once.))
((Your skin changes colour to match your surroundings (Stealth+).))
((Your rubbery body absorbs attacks. (AC +1, EV +1)))


Message History

The spell is quite dangerous to cast (26% risk of failure)!
Continue anyway? [Y]es or [N]o only, please.
The spell is quite dangerous to cast (26% risk of failure)!
Continue anyway?
You turn into a venomous arachnid creature.
Duvessa hits you with a +0 rapier! Duvessa completely misses you.
You hit Duvessa but do no damage. Duvessa closely misses you.
You hit Duvessa.
Duvessa is poisoned.
Duvessa is lightly wounded.
Duvessa hits you but does no damage.
You hit Duvessa but do no damage.
Duvessa looks as sick as possible!
Duvessa hits you but does no damage. Duvessa hits you with a +0 rapier!
* * * LOW HITPOINT WARNING * * *
You hit Duvessa.
Duvessa looks as sick as possible!
Duvessa is moderately wounded.
Unknown command.
You hit Duvessa.
Duvessa looks as sick as possible!
Duvessa is moderately wounded.
Duvessa gestures with her weapon.
Duvessa hits you with a +0 rapier!
You die...

##..## #...........##..........
###.# #...........##...####.##
.#..# #.#..........#.).##.....
....######.##.............#......
......##...###............#......
.....e......##....##.........._..
###..#..##........###..#..#......
##.#..###.#####..###....#......
#....##.## ##s#.....##.##.....
#..#.##..###e###..#.##.####.##
#.####.e....e## #.##.##........
## #..#...## #.#######...###
######..# # # ##### # ####


You could see Duvessa (fast, extremely poisoned) and Dowan.

Vanquished Creatures
  A bullfrog (D:3)
  A hound (D:4)
  An iguana (D:4)
  A worker ant (D:4)
  2 adders (D:4)
  A dart slug (D:1)
  A leopard gecko (D:4)
  2 ball pythons (D:4)
  A bat (D:3)
  A giant cockroach (D:3)
  2 hobgoblins (D:1)
  4 jackals (D:4)
  A quokka (D:4)
  2 kobolds (D:1)
  2 rats (D:3)
23 creatures vanquished.

Notes
Turn   | Place    | Note
-------+----------+-------------------------------------------
     0 | D:1      | Zeld the Octopode Transmuter began the quest for the Orb.
     0 | D:1      | Reached XP level 1. HP: 13/13 MP: 3/3
   269 | D:1      | Reached XP level 2. HP: 5/18 MP: 3/5
   284 | D:1      | Learned a level 2 spell: Wereblood
   594 | D:2      | Noticed Jessica
   660 | D:3      | Noticed a bullfrog
   671 | D:3      | Killed a bullfrog
   672 | D:3      | Reached XP level 3. HP: 1/24 MP: 7/7
   672 | D:3      | Reached XP level 4. HP: 1/29 MP: 8/8
   688 | D:3      | Learned a level 3 spell: Spider Form
  1272 | D:4      | Found a radiant altar of Vehumet.
  1490 | D:4      | Reached XP level 5. HP: 29/34 MP: 7/9
  1669 | D:4      | Learned a level 4 spell: Ice Form
  1851 | D:4      | Noticed Dowan
  1851 | D:4      | Noticed Duvessa
  2936 | D:4      | Slain by Duvessa

Illustrated notes

Levels and vault maps discovered:
D:1:      wander_arrival_peaceful_grave, layout_loops_corners,
          kennysheep_decorative_pillar, st_stairs_11
D:2:      layout_basic, serial_curves, eino_curves_02, eino_curves_03,
          uniq_jessica
D:3:      minmay_skewed_foursquare, layout_basic, minmay_ruptured, uniq_ijyb
D:4:      minmay_chambers_of_fours, layout_layer_cave, old_standard_altar,
          uniq_duvessa

Skill      XL: |  1  2  3  4 |
---------------+-------------+-----
Transmutations | 3 |  3.6
Spellcasting   | 3 |  3.4
Fighting       | 2 |  2.2
Dodging        | |  2.9
Unarmed Combat | |  3.0

Action                   |  1- 3 |  4- 6 || total
-------------------------+-------+-------++-------
Melee: Unarmed           |    21 |    50 ||    71
       Constrict         |     6 |    14 ||    20
       Kick              |     3 |    14 ||    17
       Tentacles         |     3 |    10 ||    13
       Punch             |     1 |       ||     1
 Cast: Beastly Appendage |     4 |    10 ||    14
       Spider Form       |       |     1 ||     1
 Stab: Sleeping          |     1 |     1 ||     2
Armor: Skin              |     1 |     4 ||     5
Dodge: Dodged            |    11 |    42 ||    53
